 Dungeon Crawl Stone Soup version 0.28-a0-664-gc179e30c89 (webtiles) character file.

Game seed: 12000555243314965676

315 bande the Covered (level 6, 0/39 HPs)
             Began as a Gargoyle Fighter on Oct 15, 2021.
             Slain by an ufetubus (1 damage)
             ... on level 5 of the Dungeon.
             The game lasted 00:07:37 (4613 turns).

bande the Covered (Gargoyle Fighter)                Turns: 4613, Time: 00:07:37

Health: 0/39       AC: 15    Str: 20    XL:     6   Next: 43%
Magic:  6/6        EV:  7    Int:  9    God:
Gold:   214        SH:  4    Dex: 10    Spells: 5/5 levels left

rFire   . . .      SeeInvis .   a - +1 war axe
rCold   . . .      Faith    .   c - +0 buckler
rNeg    + . .      Spirit   .   g - +0 chain mail
rPois   ∞          Reflect  .   (no helmet)
rElec   +          Harm     .   (no cloak)
rCorr   .          Rampage  .   r - +0 pair of gloves
Will    .....                   (no boots)
Stlth   ..........              q - amulet of regeneration
HPRegen 1.13/turn               (no ring)
MPRegen 0.10/turn               (no ring)

@: no status effects
A: sickness immunity, AC +4, negative energy resistance 1, electricity
resistance, torment resistance 1, petrification resistance
a: no special abilities


You were on level 5 of the Dungeon.
You visited 1 branch of the dungeon, and saw 5 of its levels.

You collected 214 gold pieces.

Inventory:

Hand Weapons
 a - a +1 war axe (weapon)
 h - a +0 flail of holy wrath
Armour
 c - a +0 buckler (worn)
 g - a +0 chain mail (worn)
 p - a +0 kite shield
 r - a +0 pair of gloves (worn)
Jewellery
 q - an amulet of regeneration (around neck)
Scrolls
 f - a scroll of silence
 s - a scroll of fog
Potions
 b - a potion of invisibility {unknown}
 d - a potion of might
 e - a potion of curing {unknown}
 i - a potion of lignification {unknown}
 k - a potion of brilliance {unknown}
 n - 2 potions of resistance


   Skills:
 + Level 4.4 Fighting
 + Level 4.4 Axes
 + Level 4.5 Armour
 + Level 4.0 Shields


You had 5 spell levels left.
You didn't know any spells.
Your spell library contained the following spells:

 Spells                   Type           Power      Damage    Failure   Level
 Foxfire                  Conj/Fire      0%         2x1d4     98%         1
 Magic Dart               Conj           0%         1d3       98%         1
 Searing Ray              Conj           0%         2d4       99%         2
 Gell's Gravitas          Tloc           0%         N/A       100%        3
 Teleport Other           Tloc           0%         N/A       100%        3
 Fulminant Prism          Conj/Hex       0%         3d6       100%        4
 Dispersal                Tloc           0%         N/A       100%        6


Dungeon Overview and Level Annotations

Branches:
Dungeon (5/15)
 Temple: D:4-7

Altars:
Sif Muna


Innate Abilities, Weirdness & Mutations

You are immune to sickness and miasma.
Your stone body is resilient. (AC +4)
You are immune to poison.
You resist negative energy. (rN+)
You are resistant to electric shocks. (rElec)
You are resistant to unholy torment.
You are immune to petrification.


Message History

You kill the gnoll!
Your Shields skill increases to level 4!
No target in view!
No target in view!
No target in view!
No target in view!
HP restored.
Found 9 arrows.
You now have 214 gold pieces (gained 13).
An ogre and an ufetubus come into view.
Found a leather armour.
The ufetubus shouts!
The ogre shouts!
Found a dagger.
An ufetubus comes into view.
You see here a wand of polymorph (7).
You closely miss the ufetubus.
The ufetubus hits you but does no damage. x2
The ufetubus closely misses you. You block the ufetubus's attack.
You barely miss the ogre. You hit the ufetubus.
The ufetubus hits you but does no damage. x2
The ogre hits you with a +0 giant club!
The ufetubus hits you but does no damage.
The ufetubus closely misses you.
Unknown command.
You slash the ogre!
The ogre is heavily wounded.
You hit the ufetubus. You block the ufetubus's attack.
The ufetubus hits you but does no damage.
The ogre hits you with a +0 giant club!
* * * LOW HITPOINT WARNING * * *
The ufetubus hits you but does no damage. x4
You completely miss the ogre.
The ogre is heavily wounded.
You miss the ufetubus. You slash the ufetubus!
You kill the ufetubus!
The ogre hits you with a +0 giant club!
* * * LOW HITPOINT WARNING * * *
The ufetubus hits you but does no damage.
The ufetubus hits you.
You die...

# #.......# .#
#......)####(# ### ##
###.......##..#. )..
.. ..........##.#.#
#.# #.
..........##.#.# #.#
#. .[........##.#.#
#.# #. #...O...##.#)#
#.# #.
#.#5@####.#<####.###.
#.........#..........
#............>...###.
####.##########......
### #######


You could see an ogre and an ufetubus.

Vanquished Creatures
  A bullfrog zombie (D:5)
  An orc priest (D:3)
  An iguana (D:4)
  Terence (D:3)
  A hound skeleton (D:4)
  4 adders
  5 gnolls
  An ufetubus (D:5)
  A worm (D:2)
  4 dart slugs
  10 orcs
  2 ball pythons (D:1)
  7 bats
  8 endoplasms
  12 giant cockroaches
  6 goblins
  2 hobgoblins
  3 jackals (D:2)
  5 kobolds (D:3)
  3 quokkas
  3 frilled lizards
  6 rats
87 creatures vanquished.

Vanquished Creatures (others)
  A fungus (D:1)
1 creature vanquished.

Grand Total: 88 creatures vanquished

Notes
Turn   | Place    | Note
-------+----------+-------------------------------------------
     0 | D:1      | bande the Gargoyle Fighter began the quest for the Orb.
     0 | D:1      | Reached XP level 1. HP: 14/14 MP: 1/1
   131 | D:1      | Reached XP level 2. HP: 19/19 MP: 2/2
  1034 | D:1      | Reached XP level 3. HP: 20/24 MP: 3/3
  1286 | D:1      | Found a faded altar of an unknown god.
  1298 | D:1      | Got Plato's Compendium of Ignition
  1837 | D:2      | Reached XP level 4. HP: 12/29 MP: 4/4
  2572 | D:3      | Noticed Terence
  2584 | D:3      | Killed Terence
  2783 | D:3      | Found a shimmering blue altar of Sif Muna.
  2821 | D:3      | Reached XP level 5. HP: 32/33 MP: 5/5
  3987 | D:4      | Reached XP level 6. HP: 38/38 MP: 6/6
  4463 | D:5      | Entered Level 5 of the Dungeon
  4613 | D:5      | HP: 1/39 [ogre (9)]
  4613 | D:5      | Slain by an ufetubus

Illustrated notes

Levels and vault maps discovered:
D:1:      dpeg_arrival_another_circle, layout_loops_corners,
          shapermc_ecumenical_altar_rom_forum, minmay_misc_feat_room,
          fountainhead
D:2:      layout_loops_ring
D:3:      minmay_roachtagon, layout_loops_cross, lemuel_crystal_altar,
          uniq_terence
D:4:      layout_basic
D:5:      layout_loops_ring, kennysheep_mini, nzn_random_ring, uniq_eustachio

Skill      XL: |  1  2  3  4  5  6 |
---------------+-------------------+-----
Axes           | 2 3 4 |  4.4
Armour         | 4 |  4.5
Fighting       | 4 |  4.4
Shields        | 4 |  4.0

Action                   |  1- 3 |  4- 6 || total
-------------------------+-------+-------++-------
Melee: War axe           |   148 |   194 ||   342
  Use: Scroll            |       |     8 ||     8
Armor: Scale mail        |    41 |       ||    41
       Chain mail        |    60 |   165 ||   225
Dodge: Dodged            |    70 |    91 ||   161
Block: Buckler           |    39 |    39 ||    78

Table legend: (Time is in decaauts)
 A = Elapsed time spent in this place.
 B = Non-inter-level travel time spent in this place.
 C = Inter-level travel time spent in this place.
 D = Time resting spent in this place.
 E = Time spent auto-exploring this place.
 F = Levels seen in this place.
 G = Mean time per level.
                   A        B        C        D        E       F      G
               +--------+--------+--------+--------+--------+-----+--------+
         Total |   4742 |   4742 |      0 |    730 |   3038 |   5 |  948.4 |
       Dungeon |   4742 |   4742 |      0 |    730 |   3038 |   5 |  948.4 |
               +--------+--------+--------+--------+--------+-----+--------+

Top non-repeatable levels by time:
     D:1: 1472 daAuts
     D:3: 1227 daAuts
     D:2: 1090 daAuts
     D:4: 835 daAuts
     D:5: 117 daAuts
